AoeStats
← pancomido3

Arabia

510258540Analyzed
2v2 RM · 21h ago on Sep 30, 2026· 43m 51s· 4 players
Game mode
Random Map
Map size
Medium (4 player)
Population
200
Speed
Normal
Resources
Standard
Victory
Conquest
Starting age
Dark Age
Ending age
Imperial Age
RankedLock teamsTeams togetherTeam positionsShared explorationLock speedFull tech treeHidden civsTurbo modeCheats
Victory
Defeat
🇹🇼 Persians · Taiwan
1351
+19
🇺🇸 Magyars · United States
1345
+19
🇦🇷 Maya · Argentina
1429
-20
🇦🇷 Varangians · Argentina
1388
-18
pancomido3
6:51 Loom
9:14 Feudal Age
9:47 Double-Bit Axe
14:22 Horse Collar
16:25 Scale Barding Armor
19:19 Bloodlines
24:38 Castle Age
23:13 Fletching
25:37 Wheelbarrow
25:57 Bow Saw
26:08 Bodkin Arrow
27:27 Gold Mining
28:53 Padded Archer Armor
31:57 Ballistics
32:46 Leather Archer Armor
33:36 Heavy Plow
33:49 Husbandry
36:45 Thumb Ring
38:22 Town Watch
42:12 Imperial Age
40:17 Light Cavalry
42:09 Chain Barding Armor
42:29 Hand Cart
42:15 Town Patrol
42:34 Hussar
44:20 Plate Barding Armor
卡神
5:32 Loom
26:10 Feudal Age
36:41 Castle Age
36:27 Double-Bit Axe
36:32 Horse Collar
40:19 Scale Barding Armor
40:24 Forging
41:22 Bloodlines
41:13 Husbandry
42:56 Chain Barding Armor
43:30 Wheelbarrow
SvS Sabach
5:28 Loom
9:52 Feudal Age
10:34 Double-Bit Axe
25:45 Castle Age
25:06 Bloodlines
25:36 Scale Barding Armor
29:08 Husbandry
32:20 Fletching
41:18 Wheelbarrow
40:24 Horse Collar
42:44 Pikeman
SvS Smolf
0:27 Loom
11:54 Feudal Age
35:38 Castle Age
35:40 Crossbowman
36:12 Fletching
37:08 Thumb Ring
37:42 Bodkin Arrow
40:04 Ballistics
40:14 Padded Archer Armor
42:21 Leather Archer Armor
Connection lost

Rejoining the realm…

Still unreachable

The connection could not be restored.

Session expired

The server has moved on; the page needs a fresh start.